 Dungeon Crawl Stone Soup version 0.26-a0-540-g8a0c9464d7 (webtiles) character file.

Game seed: 14544666628564367549

189 Inarius the Chopper (level 5, 0/40 HPs)
             Began as a Mummy Wanderer on Aug 23, 2020.
             Slain by an elf zombie (2 damage)
             ... in an ossuary.
             The game lasted 00:03:21 (1921 turns).

Inarius the Chopper (Mummy Wanderer)                Turns: 1921, Time: 00:03:22

Health: 0/40       AC: 11    Str: 19    XL:     5   Next: 40%
Magic:  5/5        EV:  5    Int: 10    God:
Gold:   110        SH:  0    Dex: 10    Spells: 4/4 levels left

rFire    x . .     SeeInvis .   d - +0 hand axe
rCold    + . .     Faith    .   (no shield)
rNeg     + + +     Spirit   .   j - +0 plate armour
rPois    ∞         Reflect  .   (no helmet)
rElec    .         Harm     .   (no cloak)
rCorr    .                      (no gloves)
MR       .....                  (no boots)
Stlth    ..........             e - amulet of regeneration
HPRegen  0.53/turn              (no ring)
MPRegen  0.09/turn              (no ring)

@: no status effects
A: no potions, fire vulnerability, cold resistance 1, negative energy resistance
3, torment resistance, unbreathing
a: no special abilities


You were in an ossuary.
You visited 1 branch of the dungeon, and saw 4 of its levels.
You also visited: Ossuary.

You collected 110 gold pieces.

Inventory:

Hand Weapons
 d - a +0 hand axe (weapon)
Missiles
 a - 6 javelins (quivered)
Armour
 c - a +0 chain mail
 j - a +0 plate armour (worn)
Jewellery
 e - an amulet of regeneration (around neck)
Wands
 l - a wand of flame (19)
Scrolls
 b - 5 scrolls of teleportation
 g - a scroll of enchant armour
 i - 2 scrolls of remove curse
 k - 2 scrolls of enchant weapon
 m - a scroll of fear


   Skills:
 + Level 2.8 Fighting
 * Level 2.9(3.4) Axes
   Level 2.4(3.1) Maces & Flails
   Level 1.0 Bows
 + Level 2.6 Armour
 - Level 0.1 Stealth
 * Level 2.0 Evocations


You had 4 spell levels left.
You didn't know any spells.
Your spell library was empty.

Dungeon Overview and Level Annotations

Branches:
Dungeon (4/15)            Ossuary (1/1)
 Temple: D:4-7

Altars:
Wu Jian


Innate Abilities, Weirdness & Mutations

You do not drink.
Your flesh is vulnerable to fire.
You are immune to poison.
Your flesh is cold resistant. (rC+)
You are immune to negative energy. (rN+++)
You are immune to unholy pain and torment.
You can survive without breathing.


Message History

The elf zombie hits you but does no damage.
The human zombie closely misses you.
You hit the elf zombie but do no damage.
The elf zombie is almost destroyed.
You hit the human zombie.
The elf zombie hits you but does no damage.
The human zombie hits you.
* * * LOW HITPOINT WARNING * * *
You barely miss the elf zombie.
The elf zombie is almost destroyed.
You closely miss the human zombie. The elf zombie hits you.
* * * LOW HITPOINT WARNING * * *
The human zombie completely misses you.
You hit the elf zombie.
The elf zombie is almost destroyed.
You barely miss the human zombie. The elf zombie barely misses you.
The human zombie hits you.
* * * LOW HITPOINT WARNING * * *
The elf zombie hits you.
You die...

#'# ###.###
##.....##
#.......#
##...∩...##
+...∩∩∩...+
##...∩...##
#.......#
##.ZZ@.##
###.### #+#


You could see an elf zombie and a human zombie.

Vanquished Creatures
  A scorpion (D:4)
  A worker ant (D:4)
  A mummy (Ossuary)
  4 adders
  An ooze (D:3)
  An adder skeleton (D:2)
  8 orcs
  2 ball pythons
  6 bats
  4 giant cockroaches
  4 goblins
  3 hobgoblins
  6 jackals
  A ball python skeleton (D:4)
  A frilled lizard (D:2)
  7 rats
51 creatures vanquished.

Notes
Turn   | Place    | Note
-------+----------+-------------------------------------------
     0 | D:1      | Inarius the Mummy Wanderer began the quest for the Orb.
     0 | D:1      | Inarius set off with the following items: a +2 mace, 2
                  | scrolls of teleportation, a +0 robe
     0 | D:1      | Reached XP level 1. HP: 16/16 MP: 1/1
   657 | D:2      | Reached XP level 2. HP: 19/22 MP: 2/2
   707 | D:2      | Found a faded altar of an unknown god.
   871 | D:2      | Found an ornate altar of the Wu Jian Council.
  1070 | D:2      | Reached skill level 1 in Axes
  1238 | D:3      | Reached XP level 3. HP: 28/28 MP: 3/3
  1401 | D:3      | Reached XP level 4. HP: 34/34 MP: 4/4
  1845 | D:4      | Reached XP level 5. HP: 24/40 MP: 5/5
  1869 | D:4      | Found a sand-covered staircase.
  1873 | Ossuary  | Entered an ossuary
  1920 | Ossuary  | HP: 1/40 [human zombie (4)]
  1921 | Ossuary  | Slain by an elf zombie

Illustrated notes

Levels and vault maps discovered:
D:1:      wander_arrival_abandoned_jail, layout_rooms, grunt_decor_arrowhead
D:2:      layout_basic, chequers_ecumenical_altar_lobes, corexii_corridor_pit,
          kennysheep_flooded_box, minmay_pentomino_z4
D:3:      layout_rooms, serial_curves, eino_curves_04, eino_curves_01
D:4:      layout_loops_corners, nicolae_ossuary_entry_plus, serial_park_tiny_1
Ossuary:  ossuary_minmay_four_chambers

Skill      XL: |  1  2  3  4 |
---------------+-------------+-----
Armour         | 2 |  2.6
Axes           | 1 2 |  2.9
Evocations     | 2 |  2.0
Fighting       | |  2.8
Maces & Flails | |  2.4
Bows           | |  1.0
Stealth        | |  0.1

Action                   |  1- 3 |  4- 6 || total
-------------------------+-------+-------++-------
Melee: Mace              |    28 |       ||    28
       Hand axe          |    78 |   120 ||   198
Throw: Javelin           |     1 |       ||     1
Evoke: Wand              |       |     1 ||     1
  Use: Scroll            |       |     5 ||     5
Armor: Chain mail        |    25 |       ||    25
       Robe              |     1 |       ||     1
       Plate armour      |    97 |    98 ||   195
Dodge: Dodged            |    28 |    38 ||    66

Table legend: (Time is in decaauts)
 A = Elapsed time spent in this place.
 B = Non-inter-level travel time spent in this place.
 C = Inter-level travel time spent in this place.
 D = Time resting spent in this place.
 E = Time spent auto-exploring this place.
 F = Levels seen in this place.
 G = Mean time per level.
                   A        B        C        D        E       F      G
               +--------+--------+--------+--------+--------+-----+--------+
         Total |   1961 |   1819 |    142 |      6 |   1244 |   5 |  392.2 |
       Dungeon |   1909 |   1767 |    142 |      6 |   1238 |   4 |  477.2 |
       Ossuary |     51 |     51 |      0 |      0 |      6 |   1 |   51.0 |
               +--------+--------+--------+--------+--------+-----+--------+

Top non-repeatable levels by time:
     D:2: 757 daAuts
     D:3: 486 daAuts
     D:1: 485 daAuts
     D:4: 180 daAuts
 Ossuary: 51 daAuts
